 Dungeon Crawl Stone Soup version 0.16-a0-623-g20b2139 (webtiles) character file.

674 RobertPalmer the Basher (level 7, -9/70 HPs)
             Began as an Ogre Chaos Knight on Sept 18, 2014.
             Was a Plaything of Xom.
             Mangled by an ogre
             ... wielding a +0 giant spiked club
              (23 damage)
             ... on Level 5 of the Dungeon.
             The game lasted 00:12:34 (4346 turns).

RobertPalmer the Basher (Ogre Chaos Knight)         Turns: 4346, Time: 00:12:36

HP  -9/70        AC  4     Str 18      XL: 7   Next: 59%
MP   7/7         EV 14     Int  9      God: Xom
Gold 258         SH  0     Dex 12 (13) Spells:  0 memorised,  6 levels left

rFire  . . .     SeeInvis .     a - +1 giant club
rCold  . . .     Clarity  .     i - +2 robe
rNeg   . . .     rCorr    .     (shield restricted)
rPois  .         rRot     .     (helmet restricted)
rElec  .         Spirit   .     (no cloak)
SustAb .         Warding  .     (gloves unavailable)
rMut   .         Stasis   .     (boots unavailable)
Gourm  .                        (no amulet)
MR     .....                    t - +4 ring of evasion
                                q - ring of stealth

@: not resistant to hostile enchantments, unstealthy
A: unfitting armour, agile 1, blurry vision 1, deformed body, dopey 1, tough
skin 1
a: Renounce Religion


You were on level 5 of the Dungeon.
You worshipped Xom.
You were Xom's teddy bear.
You were hungry.

You visited 1 branch of the dungeon, and saw 5 of its levels.

You collected 258 gold pieces.


Innate Abilities, Weirdness & Mutations

You are too large for most types of armour.
You have tough skin (AC +1).
You are agile. (Dex +2)
Your vision is a little blurry.
Armour fits poorly on your strangely shaped body.
You are dopey. (Int -2)


   Skills:
 - Level 4.0 Fighting
 + Level 11.1 Maces & Flails
 - Level 2.1 Dodging


You had 6 spell levels left.
You didn't know any spells.

Inventory:

Hand weapons
 a - a +1 giant club (weapon)
Missiles
 y - 14 poisoned needles
Armour
 i - a +2 robe (worn)
Comestibles
 c - a meat ration
 f - 3 bread rations
 v - 4 fruits
 A - 2 beef jerkies
Scrolls
 d - 5 scrolls of fog
 k - a scroll of remove curse
 l - a scroll of blinking
 m - 3 scrolls of teleportation
 n - a scroll of recharging
 r - a scroll of random uselessness {unknown}
 u - a scroll of immolation {unknown}
 w - a scroll of amnesia {unknown}
Jewellery
 q - a ring of stealth (left hand)
 t - a +4 ring of evasion (right hand)
 x - an uncursed amulet of stasis
 F - an uncursed ring of poison resistance {unknown}
Potions
 e - a potion of restore abilities {unknown}
 g - a potion of mutation {unknown}
 h - a potion of curing
 j - 3 potions of resistance
 o - a potion of lignification {unknown}
 p - a potion of cancellation {unknown}
 s - a potion of cure mutation
 z - a potion of degeneration {unknown}
 B - a potion of flight {unknown}
 C - a potion of magic {unknown}
 D - a potion of agility {unknown}
 E - a potion of might {unknown}
Rods
 b - a +2 rod of shadows (0/15)
   (You found it on level 5 of the Dungeon)

Dungeon Overview and Level Annotations

Branches:
Dungeon (5/15)
 Temple: D:4-7

Altars:
Cheibriados
Dithmenos
Makhleb
Qazlal
Trog
Yredelemnul

Annotations:
D:2 Sigmund

...#######.# #...........#.##....
...........# ##...########.##....
###...#...## #...# #.##....
.##...#...################.##....
.................................
.###################..####'##...)
.# ##..........# #...#.... .#
#...JrO####(# #...#.... .#
#....r@# #[# #...##### .#
#......# #.# #...# # .# #......#
#.# #...# # .# #).....# #.#*##+##
# .##########)[....# #..* #.# #
..........').....# ##.###.# #
###########).....# #..##.######
..,,,,* ######## *#.##.#....#
.####,* #..........


You could see an ogre, a friendly ooze and 2 friendly rats.


Message History

Xom's power brushes against you for a moment.
Your body is suffused with distortional energy.
Your body twists and deforms.
You feel stupid.
Your vision blurs.
You feel agile.
You are now Xom's teddy bear.
You now have 258 gold pieces (gained 10).
You start resting.
An ogre comes into view. It is wielding a giant spiked club.
An ogre is nearby!
b - a +2 rod of shadows (15/15) (weapon)
The ogre moves out of view.
You start resting.
An ogre is nearby!
Wisps of shadow whirl around you... Wisps of shadow whirl around you...
You are feeling hungry.
Wisps of shadow whirl around you...
The rod doesn't have enough magic points.
The rod doesn't have enough magic points.
a - a +1 giant club (weapon)
Your rat bites the ogre.
The ogre hits you with a giant spiked club!!
* * * LOW HITPOINT WARNING * * *
Your rat bites the ogre.
You hit the ogre.
The ogre is moderately wounded.
Your rat bites the ogre.
The ogre hits you with a giant spiked club!!
You die...
Xom laughs nastily!

Action                   |  1- 3 |  4- 6 |  7- 9 || total
-------------------------+-------+-------+-------++-------
Melee: Mace              |    96 |   111 |       ||   207
       Flail             |       |    20 |       ||    20
       Giant club        |       |    49 |    57 ||   106
Evoke: Rod               |       |       |     3 ||     3
  Use: Scroll            |       |     8 |     4 ||    12
       Potion            |       |     2 |       ||     2
 Stab: Paralysed         |       |     5 |       ||     5
       Sleeping          |       |     1 |     2 ||     3
  Eat: Chunk             |       |     6 |     4 ||    10
       Pizza             |       |     1 |       ||     1

Vault maps used:
D:1:      ncdulo_smallfort
D:2:      uniq_sigmund, uniq_iyjb
D:3:      grunt_temple_overflow_open
D:5:      nemelex_xobeh_ov_fountains_minmay, bloody_trog, first_bread,
          uniq_pikel

Notes
Turn   | Place    | Note
--------------------------------------------------------------
     0 | D:1      | RobertPalmer, the Ogre Chaos Knight, began the quest for the Orb.
     0 | D:1      | Reached XP level 1. HP: 24/24 MP: 1/1
   170 | D:1      | Reached XP level 2. HP: 32/32 MP: 2/2
   190 | D:1      | XOM: harmless Divn miscast
   353 | D:1      | Reached skill level 5 in Maces & Flails
   472 | D:1      | XOM: harmless Fire miscast
   584 | D:1      | XOM: silly message
   767 | D:1      | Reached XP level 3. HP: 37/39 MP: 3/3
   787 | D:1      | XOM: harmless Ice miscast
   890 | D:1      | XOM: divination: detect creatures
   935 | D:2      | Reached skill level 6 in Maces & Flails
  1177 | D:2      | Reached XP level 4. HP: 36/48 MP: 4/4
  1240 | D:2      | XOM: noise
  1539 | D:2      | Noticed Sigmund
  1540 | D:2      | XOM: harmless Trmt miscast
  1590 | D:3      | Reached skill level 7 in Maces & Flails
  1595 | D:3      | Found a snail-covered altar of Cheibriados.
  1595 | D:3      | Found a basalt altar of Yredelemnul.
  1596 | D:3      | Found a shadowy altar of Dithmenos.
  1596 | D:3      | Found a burning altar of Makhleb.
  1596 | D:3      | Found a stormy altar of Qazlal.
  1972 | D:3      | Reached XP level 5. HP: 54/54 MP: 5/5
  2598 | D:3      | XOM: noise
  2631 | D:4      | Noticed an ice beast
  2640 | D:4      | XOM: enchant monster (good)
  2646 | D:4      | Killed an ice beast
  2646 | D:4      | Reached skill level 8 in Maces & Flails
  2646 | D:4      | Reached XP level 6. HP: 62/62 MP: 6/6
  2657 | D:4      | Reached skill level 9 in Maces & Flails
  2714 | D:4      | Noticed an ogre
  2717 | D:4      | XOM: confuse monster(s)
  2722 | D:4      | XOM: enchant monster (good)
  2723 | D:4      | Killed an ogre
  3066 | D:4      | Identified 3 potions of resistance
  3182 | D:4      | XOM: god gift: shield {god gift}
  3249 | D:4      | Reached skill level 10 in Maces & Flails
  3249 | D:4      | Reached XP level 7. HP: 59/70 MP: 7/7
  3426 | D:5      | Entered Level 5 of the Dungeon
  3426 | D:5      | Found a bloodstained altar of Trog.
  3909 | D:5      | XOM: destruction
  3920 | D:5      | XOM: destruction
  3921 | D:5      | XOM: summons 4 friendly demons
  3986 | D:5      | XOM: medium Pois miscast
  4098 | D:5      | Identified a +2 rod of shadows (15/15) (You found it on level 5 of the Dungeon)
  4245 | D:5      | Reached skill level 11 in Maces & Flails
  4305 | D:5      | XOM: give mutations
  4305 | D:5      | Gained mutation: Armour fits poorly on your strangely shaped body. [Xom's mischief]
  4305 | D:5      | Gained mutation: You are dopey. (Int -2) [Xom's mischief]
  4305 | D:5      | Gained mutation: Your vision is a little blurry. [Xom's mischief]
  4305 | D:5      | Gained mutation: You are agile. (Dex +2) [Xom's mischief]
  4346 | D:5      | Mangled by an ogre

Vanquished Creatures
  A slave (D:5)
  An ice beast (D:4)
  An ogre (D:4)
  A scorpion (D:5)
  A jelly (D:5)
  A giant frog skeleton (D:5)
  3 orc priests
  A hound (D:4)
  2 orc wizards
  An ogre zombie (D:5)
  10 adders
  A worm (D:2)
  An ooze (D:1)
  12 orcs
  A bat skeleton (D:4)
  A giant cockroach (D:4)
  7 goblins
  13 hobgoblins
  3 quokkas
  4 ball pythons
  9 bats
  2 giant newts (D:1)
  8 jackals
  10 kobolds
  A kobold skeleton (D:5)
  An orc zombie (D:5)
  3 rats
100 creatures vanquished.

Vanquished Creatures (others)
  2 slaves (D:5)
  A bat (D:5)
  A goblin (D:5)
  A kobold (D:5)
5 creatures vanquished.

Grand Total: 105 creatures vanquished
